 Dungeon Crawl Stone Soup version 0.29-a0-892-g2c4c91d9db (webtiles) character file.

Game seed: 6582767618465586376

34 Garessta the Caller (level 3, -3/25 HPs)
             Began as a Gnoll Summoner on July 23, 2022.
             Killed from afar by Natasha (13 damage)
             ... with a bolt of light
             ... on level 2 of the Dungeon.
             The game lasted 00:03:45 (1151 turns).

Garessta the Caller (Gnoll Summoner)                Turns: 1151, Time: 00:03:46

Health: -3/25      AC:  2    Str:  7    XL:     3   Next: 31%
Magic:  9/9        EV: 13    Int: 20    God:
Gold:   19         SH:  0    Dex: 14    Spells: 9/12 levels left

rFire   . . .      SeeInvis .   a - +0 dagger
rCold   . . .      Faith    .   i - +0 buckler
rNeg    . . .      Spirit   .   d - +0 robe
rPois   .          Reflect  .   (no helmet)
rElec   .          Harm     .   (no cloak)
rCorr   .          Rampage  .   (no gloves)
Will    .....                   (no boots)
Stlth   +.........              (no amulet)
HPRegen 0.08/turn               f - +6 ring of intelligence
MPRegen 0.11/turn               (no ring)

@: confused
A: fangs 1, strong nose, distributed training
a: no special abilities


You were on level 2 of the Dungeon.
You visited 1 branch of the dungeon, and saw 2 of its levels.

You collected 19 gold pieces.

Inventory:

Hand Weapons
 a - a +0 dagger (weapon)
 b - a +0 morningstar
Armour
 d - a +0 robe (worn)
 i - a +0 buckler (worn)
Jewellery
 f - a +6 ring of intelligence (left hand)
Scrolls
 g - a scroll of teleportation {unknown}
Potions
 c - 3 potions of resistance {unknown}
 e - a potion of attraction {unknown}
 h - a potion of cancellation {unknown}
 j - 2 potions of magic


   Skills:
 + Level 0.8 Fighting
 + Level 0.8 Short Blades
 + Level 0.8 Long Blades
 + Level 0.8 Axes
 + Level 0.8 Maces & Flails
 + Level 0.8 Polearms
 + Level 0.8 Staves
 + Level 0.8 Ranged Weapons
 + Level 0.8 Throwing
 + Level 0.8 Armour
 + Level 4.5 Dodging
 + Level 4.1 Stealth
 + Level 0.8 Shields
 + Level 0.8 Unarmed Combat
 + Level 5.0 Spellcasting
 + Level 0.5 Conjurations
 + Level 0.5 Hexes
 + Level 7.1 Summonings
 + Level 0.5 Necromancy
 + Level 0.5 Translocations
 + Level 0.5 Transmutations
 + Level 0.5 Fire Magic
 + Level 0.5 Ice Magic
 + Level 0.5 Air Magic
 + Level 0.5 Earth Magic
 + Level 0.5 Poison Magic
 + Level 1.0 Invocations
 + Level 0.8 Evocations


You had 9 spell levels left.
You knew the following spells:

 Your Spells              Type           Power      Damage    Failure   Level
a - Summon Small Mammal   Summ           100%       N/A       1%          1
b - Call Imp              Summ           33%        N/A       1%          2

Your spell library contained the following spells:

 Spells                   Type           Power      Damage    Failure   Level
 Call Canine Familiar     Summ           33%        N/A       2%          3
 Summon Guardian Golem    Hex/Summ       20%        N/A       10%         3
 Necrotise                Necr           28%        1d5       12%         1
 Summon Lightning Spire   Summ/Air       20%        N/A       32%         4
 Vampiric Draining        Necr           7%         2d6       36%         3
 Agony                    Necr           7%         N/A       98%         5


Dungeon Overview and Level Annotations

Branches:
Dungeon (2/15)

Altars:

Annotations:
D:2 Natasha


Innate Abilities, Weirdness & Mutations

You have very sharp teeth.
Your uncanny sense of smell can sniff out nearby items.
Your experience applies equally to all skills.


Message History

You have reached level 3!
Your experience leads to an increase in your attributes!
Your base attributes are Str 7, Int 14, Dex 12.
Increase (S)trength, (I)ntelligence, or (D)exterity?
You feel agile. x2
Your quokka disappears in a puff of smoke!
You swap places.
You see here an adder corpse.
You open the door.
A quokka comes into view.
Found a stone staircase leading down.
A hobgoblin comes into view.
You hit the quokka. Your bite misses the quokka.
The quokka is heavily wounded.
The quokka barely misses you.
You hit the quokka.
You kill the quokka!
You see here a quokka corpse.
You barely miss the hobgoblin. The hobgoblin misses you.
You closely miss the hobgoblin. The hobgoblin hits you.
Your white imp gestures at the hobgoblin.
The puff of frost hits the hobgoblin.
You completely miss the hobgoblin.
The hobgoblin is heavily wounded.
Your white imp hits the hobgoblin.
The hobgoblin dies!
Your Invocations skill increases to level 1!
No target in view!
Found a stone staircase leading down.
You now have 19 gold pieces (gained 12).
You open the door.
There is an open door here.
Natasha, Servant of Life and Death comes into view.
She is carrying a wand of light (4).
Natasha is nearby!
Natasha zaps a wand.
The bolt of light hits you!
You are confused.
Ouch! That really hurt!
Natasha zaps a wand.
The bolt of light hits you!
Ouch! That really hurt!
You die...

.....#####........ .
.......
..................
.......
.................
..###..
................. #..
..........#+#.... +..
####.#'#.#.#.#+# #..
#.#.#.#.#.#.# #
#######.#.#.#.#.#.# ..#
..........#.#.#@#.#..###
#######.###.#......h....
#.......#.#.#..###
#####.#.#.#... ...
#.#.#.#....# #
#.#.#.#......
#.#.#.####.### #.#.#..
.. #.#.### ##


You could see Natasha.

Vanquished Creatures
  2 bats (D:1)
  2 goblins
  A quokka (D:2)
  A ball python (D:1)
6 creatures vanquished.

Vanquished Creatures (collateral kills)
  An adder (D:2)
  2 dart slugs (D:1)
  A bat (D:1)
  A giant cockroach (D:1)
  A goblin (D:1)
  2 hobgoblins
  A ball python (D:1)
  2 frilled lizards (D:1)
  A kobold (D:2)
  3 rats (D:1)
15 creatures vanquished.

Grand Total: 21 creatures vanquished

Notes
Turn   | Place    | Note
-------+----------+-------------------------------------------
     0 | D:1      | Garessta the Gnoll Summoner began the quest for the Orb.
     0 | D:1      | Reached XP level 1. HP: 13/13 MP: 6/6
    67 | D:1      | Found a faded altar of an unknown god.
   226 | D:1      | Reached XP level 2. HP: 19/19 MP: 5/7
   236 | D:1      | Learned a level 2 spell: Call Imp
  1017 | D:2      | Reached skill level 5 in Spellcasting
  1017 | D:2      | Reached XP level 3. HP: 25/25 MP: 4/9
  1088 | D:2      | Reached skill level 1 in Invocations
  1147 | D:2      | Noticed Natasha
  1151 | D:2      | Killed from afar by Natasha

Illustrated notes

Levels and vault maps discovered:
D:1:      sevenhm_arrival_forest_fort_small_3, layout_basic,
          chequers_ecumenical_altar_island, hangedman_decor_lopped
D:2:      layout_basic, nrook_mini_vaults, uniq_natasha

Skill      XL: |  1  2  3 |
---------------+----------+-----
Spellcasting   | 5 |  5.0
Invocations    | 1 |  1.0
Fighting       | |  0.8
Short Blades   | |  0.8
Long Blades    | |  0.8
Axes           | |  0.8
Maces & Flails | |  0.8
Polearms       | |  0.8
Staves         | |  0.8
Ranged Weapons | |  0.8
Throwing       | |  0.8
Armour         | |  0.8
Dodging        | |  4.5
Stealth        | |  4.1
Shields        | |  0.8
Unarmed Combat | |  0.8
Conjurations   | |  0.5
Hexes          | |  0.5
Summonings     | |  7.1
Necromancy     | |  0.5
Translocations | |  0.5
Transmutations | |  0.5
Fire Magic     | |  0.5
Ice Magic      | |  0.5
Air Magic      | |  0.5
Earth Magic    | |  0.5
Poison Magic   | |  0.5
Evocations     | |  0.8

Action                   || total
-------------------------++-------
Melee: Club              ||    20
       Unarmed           ||     2
       Dagger            ||     8
       Punch             ||     2
 Cast: Summon Small Mamm ||    15
       Call Imp          ||     5
 Stab: Sleeping          ||     4
Armor: Robe              ||     9
Dodge: Dodged            ||    32

Table legend: (Time is in decaauts)
 A = Elapsed time spent in this place.
 B = Non-inter-level travel time spent in this place.
 C = Inter-level travel time spent in this place.
 D = Time resting spent in this place.
 E = Time spent auto-exploring this place.
 F = Levels seen in this place.
 G = Mean time per level.
                   A        B        C        D        E       F      G
               +--------+--------+--------+--------+--------+-----+--------+
         Total |   1158 |   1121 |     37 |      0 |    902 |   2 |  579.0 |
       Dungeon |   1158 |   1121 |     37 |      0 |    902 |   2 |  579.0 |
               +--------+--------+--------+--------+--------+-----+--------+

Top non-repeatable levels by time:
     D:1: 832 daAuts
     D:2: 326 daAuts
